 Dungeon Crawl Stone Soup version 0.18-a0-1572-g0a86841 (console) character file.

60 Liam the Magician (level 3, -2/21 HPs)
             Began as a High Elf Wizard on Mar 15, 2016.
             Killed from afar by an orc wizard (5 damage)
             ... with a magic dart
             ... on level 2 of the Dungeon.
             The game lasted 00:04:25 (2952 turns).

Liam the Magician (High Elf Wizard)                 Turns: 2952, Time: 00:04:26

Health: -2/21      AC:  4    Str:  6      XL:     3   Next: 80%
Magic:  6/10       EV: 12    Int: 23      God:
Gold:   115        SH:  0    Dex: 11 (13) Spells: 3 memorised, 6 levels left

rFire  . . .     SeeInvis .     (no weapon)
rCold  . . .     Gourm    +     a - +0 robe
rNeg   . . .     Faith    .     (no shield)
rPois  .         Spirit   .     b - +0 hat
rElec  .         Dismiss  .     (no cloak)
rCorr  .         Reflect  .     k - +0 pair of gloves
SustAt .         Harm     .     l - +0 pair of boots
MR     +....                    g - amulet of the gourmand
Stlth  ++........               (no ring)
                                f - ring of protection from magic

@: somewhat resistant to hostile enchantments, unstealthy
A: no striking features
a: no special abilities


You were on level 2 of the Dungeon.
You were hungry.

You visited 1 branch of the dungeon, and saw 3 of its levels.

You collected 115 gold pieces.

Inventory:

Armour
 a - a +0 robe (worn)
 b - a +0 hat (worn)
 k - a +0 pair of gloves (worn)
 l - a +0 pair of boots (worn)
Jewellery
 f - a ring of protection from magic (left hand)
 g - an amulet of the gourmand (around neck)
Wands
 j - a wand of polymorph (7/24)
Scrolls
 m - a scroll of identify {unknown}
Potions
 e - 4 potions of curing {unknown}
 i - a potion of flight {unknown}
Books
 c - a book of Minor Magic

   Spells                             Type                      Level
   a - Magic Dart                     Conjuration                  1
   b - Blink                          Translocation                2
   c - Call Imp                       Summoning                    2
   d - Repel Missiles                 Charms/Air                   2
   e - Slow                           Hexes                        2
   f - Conjure Flame                  Conjuration/Fire             3
   g - Mephitic Cloud                 Conjuration/Poison/Air       3
Comestibles
 d - 2 bread rations
 h - a beef jerky


   Skills:
 - Level 2.1 Dodging
 - Level 2.1 Stealth
 + Level 4.6 Spellcasting
 + Level 2.9 Conjurations
   Level 0.8 Summonings
 - Level 1.1 Translocations


You had 6 spell levels left.
You knew the following spells:

 Your Spells              Type           Power        Failure   Level  Hunger
a - Magic Dart            Conj           ###.         2%          1    None
b - Blink                 Tloc           N/A          12%         2    None
m - Repel Missiles        Chrm/Air       #.....       17%         2    None


Dungeon Overview and Level Annotations

Branches:
Dungeon (3/15)

Altars:
Xom


Message History

Press: ? - help, Shift-Dir - straight line, f/p - adder
Aim: an adder (lightly wounded)
The magic dart hits the adder.
The adder is moderately wounded.
The adder barely misses you. Something hits you but does no damage.
Casting: Magic Dart
Confirm with . or Enter, or press ? or * to list all spells.
Aiming: Magic Dart
Press: ? - help, Shift-Dir - straight line, f/p - adder
Aim: an adder (moderately wounded)
The magic dart hits the adder.
The adder is almost dead.
The adder bites you. Something hits you. The adder bites you.
* * * LOW HITPOINT WARNING * * *
You hit something. The ooze hits you.
* * * LOW HITPOINT WARNING * * *
You hear some strange, mumbled words.
A magic dart appears from out of thin air!
The magic dart hits you!
You die...

####### ######### #.....#
######.......# #.....#
#........###.# ### ######.....#
#.####.#.###.# #<# ....##.....##
#.........(..# #.# ##..)†......#
#.#......########.#
.....#......###.#.##.#...........
..##.........##{#J........#####..
................@S..#..##.#####.#
#.##..##.......#.#.....##.......#
#.##..##..........#.#.#########.#
#.##..##..#....#..#.#.#<........#
#.##..##..#.......#.#.###########
..............##..#.#.......#....
#.#.##........##..#..........##.#
#........###..##..#########..##.#
###.#....##.......# #.....#


You could see an ooze and an adder.

Vanquished Creatures
  A gnoll (D:1)
  2 worms (D:2)
  2 dart slugs
  A giant gecko (D:1)
  2 giant cockroaches (D:2)
  7 hobgoblins
  4 kobolds
  4 bats
  8 giant newts
  5 goblins
  5 rats
41 creatures vanquished.

Notes
Turn   | Place    | Note
--------------------------------------------------------------
     0 | D:1      | Liam the High Elf Wizard began the quest for the Orb.
     0 | D:1      | Reached XP level 1. HP: 11/11 MP: 6/6
     2 | D:1      | Noticed a troll
     2 | D:1      | Noticed a spriggan
     4 | D:1      | Noticed a ghoul
     4 | D:1      | Noticed an ogre
     6 | D:1      | Noticed a centaur
     6 | D:1      | Noticed a minotaur
     8 | D:1      | Noticed a halfling
    10 | D:1      | Noticed a human
    12 | D:1      | Noticed a vampire
    12 | D:1      | Noticed a tengu
    14 | D:1      | Noticed a draconian
    16 | D:1      | Noticed a felid
    16 | D:1      | Noticed a dwarf
    18 | D:1      | Noticed a demigod
    18 | D:1      | Noticed a vine stalker
    20 | D:1      | Noticed a naga
    20 | D:1      | Noticed a formicid
    22 | D:1      | Noticed a merfolk
    22 | D:1      | Noticed an octopode
    24 | D:1      | Noticed an elf
    26 | D:1      | Noticed a gargoyle
    26 | D:1      | Noticed a demonspawn
   639 | D:1      | Reached XP level 2. HP: 4/17 MP: 3/7
   919 | D:2      | Reached skill level 4 in Spellcasting
  1316 | D:1      | Learned a level 2 spell: Blink
  1319 | D:1      | Learned a level 2 spell: Repel Missiles
  1894 | D:1      | Reached XP level 3. HP: 11/21 MP: 0/9
  2586 | D:2      | Found a shimmering altar of Xom.
  2946 | D:3      | Noticed an ogre
  2952 | D:2      | Killed from afar by an orc wizard

Vault maps used:
D:1:      kb_arrival_jail
D:2:      xom_teletrap_fun, first_bread
D:3:      forest_paths, hangedman_ru_absence, lemuel_crystal_altar,
          lemuel_round_altar, serial_bayou_pond_e, kennysheep_generic_room_5

Skill      XL: |  1  2 |
---------------+-------+-----
Spellcasting   | 4 |  4.6
Conjurations   | 2 |  2.9
Dodging        | |  2.1
Stealth        | |  2.1
Summonings     | |  0.8
Translocations | |  1.1

Action                   || total
-------------------------++-------
Melee: Unarmed           ||     1
 Cast: Magic Dart        ||   131
  Eat: Chunk             ||     5
